 Dungeon Crawl Stone Soup version 0.25-a0-667-gb977e01cb5 (webtiles) character file.

Game seed: 17471131026438987356, levelgen mode: deterministic

62 ReteAZ the Skirmisher (level 4, -4/38 (40) HPs)
             Began as a Ghoul Fighter on Mar 27, 2020.
             Slain by an orc
             ... wielding a +0 flail
              (6 damage)
             ... on level 3 of the Dungeon.
             The game lasted 00:01:23 (1326 turns).

ReteAZ the Skirmisher (Ghoul Fighter)               Turns: 1326, Time: 00:01:24

HP:   -4/38 (40)    AC:  4    Str: 19    XL:     4   Next: 8%
MP:   3/3           EV:  8    Int:  4    God:
Gold: 50            SH:  8    Dex:  8    Spells: 3/3 levels left

rFire    + . .     SeeInvis +     - Unarmed
rCold    + . .     Gourm    .   b - +0 kite shield
rNeg     + + +     Faith    .   n - +1 leather armour {rF+}
rPois    ∞         Spirit   .   (no helmet)
rElec    .         Reflect  .   (no cloak)
rCorr    .         Harm     .   (no gloves)
MR       .....                  (no boots)
Stlth    +.........             (no amulet)
HPRegen  0.00/turn              p - ring of see invisible
MPRegen  0.08/turn              (no ring)

@: rotting
A: rotting body, claws 1, carnivore, cold resistance 1, negative energy
resistance 3, inhibited regeneration, torment resistance, unbreathing
a: no special abilities


You were on level 3 of the Dungeon.
You were not hungry.

You visited 1 branch of the dungeon, and saw 3 of its levels.

You collected 50 gold pieces.

Inventory:

Missiles
 t - 21 poisoned darts (quivered)
Armour
 a - a +0 scale mail
 b - a +0 kite shield (worn)
 n - a +1 leather armour of fire resistance (worn)
Jewellery
 p - a ring of see invisible (left claw)
Scrolls
 e - a scroll of teleportation {unknown}
 g - a scroll of magic mapping {unknown}
 i - a scroll of remove curse {unknown}
 j - a scroll of enchant weapon {unknown}
 o - a scroll of amnesia {unknown}
 q - a scroll of noise {unknown}
 r - a scroll of identify {unknown}
 s - 2 scrolls of random uselessness {unknown}
 u - a scroll of fog {unknown}
Potions
 c - a potion of might
 f - a potion of magic {unknown}
 h - a potion of experience {unknown}
 k - a potion of stabbing {unknown}
 l - 2 potions of curing {unknown}
Comestibles
 d - 6 rations
 m - 5 chunks of flesh


   Skills:
 + Level 3.7 Fighting
 + Level 3.1 Armour
 + Level 3.1 Shields
 * Level 3.3 Unarmed Combat


You had 3 spell levels left.
You didn't know any spells.
Your spell library contained the following spells:

 Spells                   Type           Power        Failure   Level  Hunger
 Corona                   Hex            #......      97%         1    ##.....
 Ensorcelled Hibernation  Hex/Ice        #.....       99%         2    ###....
 Confusing Touch          Hex            #.......     100%        3    ####...
 Dazzling Flash           Conj/Hex       #.....       100%        3    ####...
 Tukima's Dance           Hex            #.......     100%        3    ####...


Dungeon Overview and Level Annotations

Branches:
Dungeon (3/15)

Altars:


Innate Abilities, Weirdness & Mutations

Your body is rotting away.
You thrive on raw meat.
You are immune to poison.
You have sharp fingernails.
You are carnivorous and can eat meat at any time.
Your flesh is cold resistant. (rC+)
You are immune to negative energy. (rN+++)
You do not regenerate when monsters are visible.
You are immune to unholy pain and torment.
You can survive without breathing.


Message History

You kill the orc!
The orc hits you with a +0 flail.
You barely miss the orc. The orc hits you with a +0 club.
The orc barely misses you.
You scratch the orc.
You kill the orc!
You block the orc's attack.
You barely miss the kobold. The kobold hits you but does no damage.
You claw the kobold!
You kill the kobold!
The orc completely misses you.
You swing at nothing.
You feel your flesh rotting away. The orc hits you with a +0 flail.
* * * LOW HITPOINT WARNING * * *
You swing at nothing.
You block the orc's attack.
You swing at nothing.
The orc hits you with a +0 flail!
* * * LOW HITPOINT WARNING * * *
You swing at nothing.
The orc hits you with a +0 flail.
You die...

..........)...............
...............##....... .
#..###................ ..
#. #............[.# .#. .
.....##.#.<.###.## ....
................o##..###
.......#................
.....###.#..o###.##..###
..... .......@)..?..)# #
###.#..####.##..# ...#..#
#... .... .......#
#.##..##. #.##!... ... ...
#.#. #.# .# ... . ###


You could see an orc.

Vanquished Creatures
  2 adders (D:2)
  4 leopard geckos
  3 orcs (D:3)
  A giant cockroach (D:2)
  2 goblins (D:1)
  4 hobgoblins
  7 kobolds
  8 bats
  2 frilled lizards (D:2)
  6 rats
39 creatures vanquished.

Notes
Turn   | Place    | Note
-------+----------+-------------------------------------------
     0 | D:1      | ReteAZ the Ghoul Fighter began the quest for the Orb.
     0 | D:1      | Reached XP level 1. HP: 19/19 MP: 0/0
   106 | D:1      | Reached XP level 2. HP: 22/26 MP: 1/1
   668 | D:2      | Reached XP level 3. HP: 29/29 MP: 2/2
  1305 | D:3      | Reached XP level 4. HP: 35/40 MP: 3/3
  1326 | D:3      | Slain by an orc

Levels and vault maps discovered:
D:1:      lemuel_arrival_muddy, layout_loops_ring, grunt_decor_arrowhead
D:2:      layout_basic
D:3:      layout_basic, st_stairs_12, trog_butcher_becter, uniq_natasha

Skill      XL: |  1  2  3 |
---------------+----------+-----
Armour         | 3 |  3.1
Unarmed Combat | 3 |  3.3
Shields        | 3 |  3.1
Fighting       | |  3.7

Action                   |  1- 3 |  4- 6 || total
-------------------------+-------+-------++-------
Melee: Unarmed           |   131 |    10 ||   141
  Eat: Chunk             |    10 |       ||    10
Armor: Scale mail        |    38 |       ||    38
       Leather armour    |    13 |     1 ||    14
Dodge: Dodged            |    42 |     3 ||    45
Block: Kite shield       |    69 |     4 ||    73

Table legend:
 A = Non-vault XP
 B = Vault XP
 C = Vault XP percentage of total XP
 D = Non-vault monster count
 E = Vault monster count
 F = Vault count percentage of total count
                 A         B        C        D         E       F
            +---------+---------+-------+---------+---------+-------
      Total |      89 |       0 |   0.0 |      39 |       0 |   0.0
            +---------+---------+-------+---------+---------+-------
        D:1 |      32 |       0 |   0.0 |      19 |       0 |   0.0
        D:2 |      43 |       0 |   0.0 |      13 |       0 |   0.0
        D:3 |      14 |       0 |   0.0 |       7 |       0 |   0.0
            +---------+---------+-------+---------+---------+-------
